 Dungeon Crawl Stone Soup version 0.20.1-1-g8b1a95d (webtiles) character file.

814 Romulous the Chopper (level 7, -2/60 HPs)
             Began as a Minotaur Fighter on Oct 29, 2017.
             Was a Follower of Okawaru.
             Succumbed to ak87's ghost's poison
             ... on level 5 of the Dungeon.
             The game lasted 00:14:55 (3372 turns).

Romulous the Chopper (Minotaur Fighter)             Turns: 3372, Time: 00:14:56

Health: -2/60      AC: 11    Str: 22    XL:     7   Next: 62%
Magic:  15/15      EV:  9    Int:  5    God:    Okawaru [*.....]
Gold:   266        SH: 10    Dex: 10    Spells: 6/6 levels left

rFire    . . .     SeeInvis .   a - +0 war axe
rCold    . . .     Gourm    .   c - +0 shield
rNeg     . . .     Faith    .   r - +0 chain mail
rPois    .         Spirit   .   (helmet restricted)
rElec    .         Reflect  .   B - +0 cloak
rCorr    .         Harm     .   (no gloves)
MR       .....                  (no boots)
Stlth    ..........             m - amulet of regeneration
Regen    0.6/turn               i - +2 ring of evasion
MPRegen  0.2/turn               D - ring of magical power

@: lethally poisoned (-2 -> -44)
A: retaliatory headbutt, horns 2
a: Heroism, Renounce Religion


You were on level 5 of the Dungeon.
You worshipped Okawaru.
Okawaru was aware of your devotion.
You were not hungry.

You visited 1 branch of the dungeon, and saw 5 of its levels.

You collected 266 gold pieces.

Inventory:

Hand Weapons
 a - a +0 war axe (weapon)
Missiles
 y - 8 tomahawks (quivered)
Armour
 b - a +0 scale mail
 c - a +0 shield (worn)
 r - a +0 chain mail (worn)
 B - a +0 cloak (worn)
Jewellery
 i - a +2 ring of evasion (left hand)
 m - an amulet of regeneration (around neck)
 D - a ring of magical power (right hand)
Wands
 n - a wand of enslavement (13/24)
 u - a wand of random effects (17/48)
 E - a wand of random effects (30/48)
Scrolls
 e - 5 scrolls of enchant weapon {unknown}
 h - 4 scrolls of identify {unknown}
 o - 2 scrolls of fog {unknown}
 p - a scroll of random uselessness {unknown}
 q - a scroll of immolation {unknown}
 t - a scroll of enchant armour {unknown}
 v - a scroll of amnesia {unknown}
 w - 2 scrolls of recharging {unknown}
 A - 2 scrolls of teleportation {unknown}
 I - a scroll of brand weapon {unknown}
Potions
 d - 3 potions of might
 j - a potion of brilliance {unknown}
 k - a potion of lignification {unknown}
 s - a potion of mutation {unknown}
 x - 3 potions of flight {unknown}
 z - 2 potions of degeneration {unknown}
 C - 2 potions of invisibility {unknown}
 F - 2 potions of curing {unknown}
Comestibles
 f - a bread ration
 g - 6 fruits
 l - 2 royal jellies
 G - a meat ration
 H - 4 chunks of flesh


   Skills:
 + Level 4.9 Fighting
 + Level 7.1 Axes
 + Level 5.0 Armour
 + Level 2.1 Dodging
 + Level 0.1 Stealth
 + Level 6.4 Shields


You had 6 spell levels left.
You didn't know any spells.

Dungeon Overview and Level Annotations

Branches:
Dungeon (5/15)             Temple (0/1) D:5

Altars:
Elyvilon
Makhleb
Okawaru

Annotations:
D:5 ak87's ghost, amateur DgTm


Innate Abilities, Weirdness & Mutations

You reflexively headbutt those who attack you in melee.
You have a pair of horns on your head.


Message History

* * * LOW HITPOINT WARNING * * *
You feel very sick. Ak87's ghost closely misses you.
You slash ak87's ghost!
You headbutt ak87's ghost, but do no damage.
Ak87's ghost is almost destroyed.
* * * LOW HITPOINT WARNING * * *
You feel very sick.
Ak87's ghost hits you but does no damage.
You are more poisoned.
You closely miss ak87's ghost.
Ak87's ghost is almost destroyed.
* * * LOW HITPOINT WARNING * * *
You feel very sick. Ak87's ghost hits you.
* * * LOW HITPOINT WARNING * * *
You are more poisoned.
You closely miss ak87's ghost.
Ak87's ghost is almost destroyed.
You die...

### .. ###'####
##......# #...?...#
#.>..#.......##
+....#........#
#....##....W@#
#....#######'##
#...r#>.......#
#....#........#
#....#........#
#....'........#
#....#........#
...##....#........#
...#.....#........#


You could see ak87's ghost.

Vanquished Creatures
  Grinder (D:3)
  An ogre (D:4)
  Blork the orc (D:4)
  A scorpion (D:4)
  3 hounds (D:4)
  An orc priest (D:5)
  Crazy Yiuf (D:3)
  Natasha (thrice) (D:3)
  A worker ant (D:4)
  9 adders
  2 oozes
  A worm (D:2)
  5 dart slugs
  2 leopard geckos
  6 orcs
  A ball python (D:4)
  2 giant cockroaches
  6 hobgoblins
  4 jackals (D:3)
  6 kobolds
  4 quokkas
  7 bats
  3 frilled lizards
  A giant cockroach zombie (D:3)
  3 goblins (D:3)
  A jackal skeleton (D:4)
  5 rats
81 creatures vanquished.

Notes
Turn   | Place    | Note
-------+----------+-------------------------------------------
     0 | D:1      | Romulous the Minotaur Fighter began the quest for the Orb.
     0 | D:1      | Reached XP level 1. HP: 19/19 MP: 0/0
   203 | D:1      | Reached XP level 2. HP: 23/27 MP: 1/1
   660 | D:2      | Reached XP level 3. HP: 33/33 MP: 2/2
   727 | D:2      | Reached skill level 3 in Axes
   758 | D:2      | Found an iron altar of Okawaru.
   774 | D:2      | Became a worshipper of Warmaster Okawaru
   815 | D:2      | Found a white marble altar of Elyvilon.
   981 | D:2      | Reached skill level 1 in Dodging
   981 | D:2      | Reached XP level 4. HP: 36/40 MP: 3/3
  1174 | D:3      | Noticed Natasha
  1180 | D:3      | Killed Natasha
  1180 | D:3      | Reached skill level 4 in Axes
  1290 | D:3      | Noticed Grinder
  1303 | D:3      | Paralysed by Grinder for 5 turns
  1313 | D:3      | Paralysed by Grinder for 2 turns
  1322 | D:3      | Killed Grinder
  1322 | D:3      | Reached * piety under Okawaru
  1322 | D:3      | Reached skill level 5 in Axes
  1322 | D:3      | Reached skill level 5 in Shields
  1322 | D:3      | Reached XP level 5. HP: 6/46 MP: 4/4
  1322 | D:3      | Reached XP level 6. HP: 7/52 MP: 5/5
  1454 | D:3      | Noticed Natasha
  1461 | D:3      | Killed Natasha
  1819 | D:3      | Found a runed door.
  1823 | D:3      | Noticed Crazy Yiuf
  1827 | D:3      | Killed Crazy Yiuf
  2006 | D:3      | Noticed Natasha
  2018 | D:3      | Killed Natasha
  2231 | D:4      | Reached skill level 6 in Axes
  2254 | D:4      | Reached XP level 7. HP: 59/60 MP: 6/6
  2526 | D:4      | Found a burning altar of Makhleb.
  2824 | D:4      | Noticed Blork the orc
  2831 | D:4      | Killed Blork the orc
  2831 | D:4      | Reached skill level 5 in Armour
  3062 | D:4      | Reached skill level 7 in Axes
  3073 | D:5      | Entered Level 5 of the Dungeon
  3332 | D:5      | Found a staircase to the Ecumenical Temple.
  3353 | D:5      | Noticed ak87's ghost (amateur DgTm)
  3371 | D:5      | HP: 3/60 [ak87's ghost (6)]
  3372 | D:5      | Succumbed to ak87's ghost's poison

Skill      XL: |  1  2  3  4  5  6  7 |
---------------+----------------------+-----
Shields        | 4 5 6 |  6.4
Fighting       | 4 |  4.9
Axes           | 3 5 6 7 |  7.1
Dodging        | 1 2 |  2.1
Armour         | 4 5 |  5.0
Stealth        | |  0.1

Action                   |  1- 3 |  4- 6 |  7- 9 || total
-------------------------+-------+-------+-------++-------
Melee: War axe           |    71 |   112 |    86 ||   269
       Headbutt          |     9 |    21 |    10 ||    40
  Eat: Chunk             |       |     4 |     4 ||     8
Armor: Scale mail        |    30 |       |       ||    30
       Chain mail        |     6 |    48 |    27 ||    81
Dodge: Dodged            |    42 |    31 |    27 ||   100
Block: Shield            |    47 |    64 |    41 ||   152
